 Dungeon Crawl Stone Soup version 0.30.1-11-g7821555f0a (webtiles) character file.

Game seed: 3233210672497325201

43 SacredBeard the Vexing (level 3, 0/20 HPs)
             Began as a Deep Elf Hexslinger on Oct 31, 2023.
             Succumbed to a kobold's poison
             ... on level 2 of the Dungeon.
             The game lasted 00:02:10 (966 turns).

SacredBeard the Vexing (Deep Elf Hexslinger)         Turns: 966, Time: 00:02:11

Health: 0/20       AC:  2    Str:  7    XL:     3   Next: 37%
Magic:  8/8        EV: 13    Int: 17    God:
Gold:   40         SH:  0    Dex: 17    Spells: 5/6 levels left

rFire   . . .        f - +0 dagger
rCold   . . .        (no shield)
rNeg    . . .        c - +0 robe
rPois   .            (no helmet)
rElec   .            (no cloak)
rCorr   .            (no gloves)
SInv    .            (no boots)
Will    .....        (no amulet)
Stlth   ++           (no ring)
HPRegen 0.23/turn    (no ring)
MPRegen 0.11/turn

%: no passive effects
@: lethally poisoned (0 -> -16)
A: no striking features
a: no special abilities


You were on level 2 of the Dungeon.
You visited 1 branch of the dungeon, and saw 2 of its levels.

You collected 40 gold pieces.

Inventory:

Hand Weapons
 a - a +1 sling
 f - a +0 dagger (weapon)
Armour
 c - a +0 robe (worn)
Scrolls
 b - a scroll of poison
 e - a scroll of magic mapping {unknown}
 h - a scroll of teleportation {unknown}
 j - 4 scrolls of identify {unknown}
 k - a scroll of enchant weapon {unknown}
Potions
 d - a potion of mutation {unknown}
 g - a potion of curing {unknown}
 i - a potion of flight {unknown}


   Skills:
 - Level 1.0 Fighting
 * Level 3.6 Ranged Weapons
 + Level 0.6 Armour
 + Level 3.0 Dodging
 + Level 2.2 Spellcasting
 + Level 4.3 Hexes


You had 5 spell levels left.
You knew the following spells:

 Your Spells              Type           Power      Damage    Failure   Level
a - Slow                  Hex            64%        N/A       3%          1

Your spell library contained the following spells:

 Spells                   Type           Power      Damage    Failure   Level
 Inner Flame              Hex/Fire       9%         N/A       24%         3
 Portal Projectile        Hex/Tloc       18%        N/A       24%         3
 Cause Fear               Hex            8%         N/A       32%         4


Dungeon Overview and Level Annotations

Branches:
Dungeon (2/15) Zot: 11012

Altars:


Message History

You shoot a sling bullet.
The sling bullet closely misses the frilled lizard.
A frilled lizard is nearby!
You shoot a sling bullet.
The sling bullet hits the frilled lizard.
You kill the frilled lizard!
No target in view!
No target in view!
No target in view!
You see here a +0 spear.
A kobold comes into view.
It is wielding a +1 short sword of venom.
You shoot a sling bullet. The sling bullet hits the kobold.
The kobold shouts!
The kobold is heavily wounded.
You hear an angry hiss.
The kobold closely misses you.
You shoot a sling bullet. The sling bullet hits the kobold.
The kobold is severely wounded.
The kobold hits you with a +1 short sword of venom.
You are poisoned.
You shoot a sling bullet.
The sling bullet barely misses the kobold.
You feel very sick.
The kobold hits you with a +1 short sword of venom.
You are lethally poisoned!
You are too injured to fight recklessly!
There is a lethal amount of poison in your body!
You are too injured to fight recklessly!
You are too injured to fight recklessly!
You are too injured to fight recklessly!
You are too injured to fight recklessly!
f - a +0 dagger (weapon)
You feel sick.
The kobold hits you with a +1 short sword of venom.
You are more poisoned.
You hit the kobold.
You kill the kobold!
* * * LOW HITPOINT WARNING * * *
You feel very sick.
You die...

# #. ..
#.####
#..@.#
####.##
#..#
#####.#
..#.....#
........#
.#......###
#..###)..##
..## ###..#


There were no monsters in sight!

Vanquished Creatures
  4 dart slugs (D:1)
  2 ball pythons (D:1)
  3 bats (D:1)
  3 endoplasms (D:1)
  A giant cockroach (D:1)
  3 goblins (D:1)
  3 hobgoblins (D:1)
  5 kobolds
  3 frilled lizards
  5 rats (D:1)
32 creatures vanquished.

Notes
Turn   | Place    | Note
-------+----------+-------------------------------------------
     0 | D:1      | SacredBeard the Deep Elf Hexslinger began the quest for the
                  | Orb.
     0 | D:1      | Reached XP level 1. HP: 11/11 MP: 5/5
    73 | D:1      | Reached skill level 1 in Fighting
    76 | D:1      | Reached XP level 2. HP: 14/16 MP: 6/6
   414 | D:1      | Reached XP level 3. HP: 14/20 MP: 8/8
   966 | D:2      | Succumbed to a kobold's poison

Illustrated notes

Levels and vault maps discovered:
D:1:      sevenhm_arrival_forest_fort_small_3, layout_basic, minmay_octomino_e4
D:2:      layout_basic, nicolae_eternal_life, uniq_sigmund

Skill      XL: |  1  2  3 |
---------------+----------+-----
Fighting       | 1 |  1.0
Ranged Weapons | 3 |  3.6
Spellcasting   | 2 |  2.2
Dodging        | 3 |  3.0
Armour         | |  0.6
Hexes          | |  4.3

Action                     || total
---------------------------++-------
  Melee: Dagger            ||    11
   Fire: Sling             ||    93
   Cast: Slow              ||     6
 Armour: Robe              ||     2
  Dodge: Dodged            ||    35
